 Dungeon Crawl Stone Soup version 0.18.0-1-g0107ab7 (webtiles) character file.

12517 Hubbles the Grappler (level 11, -1/98 HPs)
             Began as a Troll Monk on May 6, 2016.
             Was the Champion of Makhleb.
             Slain by a minotaur
             ... wielding a +5 rod of clouds (3/9)
              (3 damage)
             ... in a labyrinth.
             The game lasted 00:14:16 (8887 turns).

Hubbles the Grappler (Troll Monk)                   Turns: 8887, Time: 00:14:16

Health: -1/98      AC: 15    Str: 31      XL:     11   Next: 63%
Magic:  10/10      EV: 12    Int:  3 (4)  God:    Makhleb [******]
Gold:   286        SH:  0    Dex: 11 (12) Spells: 0 memorised, 10 levels left

rFire  . . .     SeeInvis .       - Unarmed
rCold  + . .     Gourm    +     E - +0 troll leather armour
rNeg   . . .     Faith    +     (no shield)
rPois  .         Spirit   .     (helmet restricted)
rElec  .         Dismiss  .     e - +2 cloak
rCorr  .         Reflect  .     (gloves unavailable)
SustAt .         Harm     .     (boots unavailable)
MR     .....                    d - amulet of faith
Stlth  +.........               r - +4 ring of strength (curse)
                                j - ring of protection from cold

@: mighty, not resistant to hostile enchantments, very unstealthy
A: unfitting armour, claws 3, hooves 1, iridescent scales 1, blurry vision 1,
deterioration 1, dopey 1, fast metabolism 3, frail 1, gourmand, regeneration 2,
screaming 1, shaggy fur 1, tough skin 2, weak 1, wild magic 1, evolution 1
a: Minor Destruction, Lesser Servant of Makhleb, Major Destruction, Greater
Servant of Makhleb, Renounce Religion


You were in a labyrinth.
You worshipped Makhleb.
Makhleb was exalted by your worship.
You were very full.

You visited 2 branches of the dungeon, and saw 12 of its levels.
You also visited: Labyrinth.

You collected 552 gold pieces.
You spent 266 gold pieces at shops.

Inventory:

Missiles
 i - 10 javelins (quivered)
 m - 3 throwing nets
 I - 4 large rocks
Armour
 e - a +2 cloak (worn)
 E - a +0 troll leather armour (worn)
Jewellery
 d - an amulet of faith (around neck)
 j - a ring of protection from cold (left claw)
 r - a cursed +4 ring of strength (right claw)
Wands
 a - a wand of disintegration (17/24)
 f - a wand of paralysis (24/24)
 s - a wand of iceblast (7/15)
 y - a wand of flame (15/48)
 F - a wand of random effects (36/48)
 G - a wand of random effects (23/48)
 H - a wand of acid (4/15)
Scrolls
 c - 7 scrolls of remove curse
 h - 3 scrolls of blinking
 n - a scroll of immolation
 o - a scroll of enchant weapon
 p - 4 scrolls of teleportation
 q - 4 scrolls of fog
 t - 7 scrolls of identify
 u - 3 scrolls of recharging
 w - a scroll of amnesia
 C - a scroll of magic mapping
Potions
 z - 4 potions of curing
 A - a potion of brilliance
 B - 3 potions of haste
 K - a potion of flight
Comestibles
 b - 6 bread rations
 g - 4 slices of pizza
 k - 3 fruits
 l - 4 beef jerkies
 v - 6 meat rations
 x - a royal jelly


   Skills:
 + Level 7.3 Fighting
 * Level 6.5 Armour
 + Level 7.2 Dodging
 - Level 1.1 Stealth
 + Level 12.9 Unarmed Combat


You had 10 spell levels left.
You didn't know any spells.

Dungeon Overview and Level Annotations

Branches:
Dungeon (11/15)            Temple (0/1) D:4            Lair (1/8) D:10
    Orc: D:9-12

Altars:
Cheibriados
Dithmenos
Gozag
Kikubaaqudgha
Makhleb
Nemelex Xobeh
Qazlal
Trog
Yredelemnul
Zin

Shops:
D:4 *   D:10 ?


Innate Abilities, Weirdness & Mutations

You are too large for most types of armour.
You have claws for hands.
Your metabolism is lightning-fast.
You like to eat raw meat.
You heal very quickly.
You are covered in fur (AC +1).
You have very tough skin (AC +2).
You have large cloven feet.
You are partially covered in iridescent scales (AC +4).
Scrolls take you a little longer to read.
Your body sometimes deteriorates upon taking damage.
You are dopey. (Int -2)
You are frail (-10% HP).
You occasionally shout uncontrollably at your foes.
You are weak. (Str -2)
Your spells are a little harder to cast, but a little more powerful.
You evolve.


Message History

The minotaur is moderately wounded.
You are engulfed in freezing vapours.
You resist.
The minotaur is engulfed in freezing vapours.
The minotaur barely misses you. The minotaur gores you.
The minotaur hits you with a rod of clouds!
Your body deteriorates!
You feel dopey. The minotaur gores you.
Drink which item? (? for menu, Esc to quit)
You feel very mighty all of a sudden.
You are engulfed in freezing vapours.
You resist.
The minotaur is engulfed in freezing vapours.
The minotaur hits you with a rod of clouds!!
* * * LOW HITPOINT WARNING * * *
The minotaur gores you.
* * * LOW HITPOINT WARNING * * *
The minotaur is engulfed in freezing vapours.
The minotaur hits you with a rod of clouds!!
* * * LOW HITPOINT WARNING * * *
The minotaur gores you.
You die...

#### # #. ....
.. # #.#. ####
# #.#...#...#
#. # #.....#..
.. .
#..#.#######..
#. #.#§§...# .
. #.#§###. . #
##.# #@# .#..#
# #.#H# # # .#
## # . .#.#
#.#.. .. .
.#.. #.#..# #
.# .##
#.#####.#.. .
... . #
......# .#.# #
# . #. # #
####..#. # ##
# .. .. .
...... .. . ##
#. ###.# .# #
# # #


You could see a minotaur.

Vanquished Creatures
  A death yak (D:10)
  The ghost of Renzlar the Fighter, a novice GrFi of Qazlal (D:9)
  3 hill giants (D:11)
  A gargoyle (D:11)
  4 trolls
  3 wyverns
  15 yaks
  Eustachio (D:4)
  A hungry ghost (D:11)
  Purgy (D:4)
  2 porcupines (D:10)
  2 sky beasts
  An eye of draining (D:11)
  4 orc warriors
  An ice beast (D:6)
  3 black bears
  5 ogres
  2 phantoms (D:11)
  4 centaurs
  A big kobold (D:10)
  10 giant frogs
  3 scorpions
  5 killer bees (D:7)
  15 wights
  3 howler monkeys
  2 crimson imps (D:5)
  6 hounds
  2 centaur skeletons
  4 giant frog skeletons
  8 orc priests
  Crazy Yiuf (D:4)
  3 iguanas
  8 orc wizards
  A hell rat (D:10)
  8 worker ants
  Robin (D:4)
  A worker ant zombie (D:6)
  14 adders
  3 gnolls (D:3)
  A howler monkey skeleton (D:3)
  10 river rats
  5 shadow imps
  An adder skeleton (D:4)
  2 worms
  5 dart slugs
  3 giant geckos
  39 orcs
  7 bats
  5 giant cockroaches
  11 goblins
  7 hobgoblins
  9 quokkas
  A giant gecko skeleton (D:4)
  5 giant newts
  10 kobolds
  7 rats
282 creatures vanquished.

Vanquished Creatures (collateral kills)
  A sky beast (D:4)
1 creature vanquished.

Grand Total: 283 creatures vanquished

Notes
Turn   | Place    | Note
--------------------------------------------------------------
     0 | D:1      | Hubbles the Troll Monk began the quest for the Orb.
     0 | D:1      | Reached XP level 1. HP: 22/22 MP: 0/0
   103 | D:1      | Reached XP level 2. HP: 28/29 MP: 1/1
   746 | D:2      | Reached skill level 5 in Unarmed Combat
   746 | D:2      | Reached XP level 3. HP: 36/36 MP: 2/2
   783 | D:2      | Found a stormy altar of Qazlal.
  1160 | D:2      | Found a sparkling altar of Nemelex Xobeh.
  1178 | D:2      | Found a glowing silver altar of Zin.
  1213 | D:2      | Reached XP level 4. HP: 44/44 MP: 3/3
  1421 | D:3      | Reached skill level 6 in Unarmed Combat
  1433 | D:3      | Reached XP level 5. HP: 33/50 MP: 4/4
  1458 | D:3      | Found a burning altar of Makhleb.
  1469 | D:3      | Became a worshipper of Makhleb the Destroyer
  1469 | D:3      | Reached * piety under Makhleb
  1469 | D:3      | Reached ** piety under Makhleb
  2057 | D:3      | Reached *** piety under Makhleb
  2057 | D:3      | Reached skill level 7 in Unarmed Combat
  2316 | D:4      | Noticed a sky beast
  2332 | D:4      | Noticed Robin
  2339 | D:4      | Reached XP level 6. HP: 21/59 MP: 5/5
  2346 | D:4      | Killed a sky beast
  2366 | D:4      | Reached skill level 8 in Unarmed Combat
  2373 | D:4      | Killed Robin
  2433 | D:4      | Gained mutation: Your flesh is heat resistant. [mutagenic meat]
  2434 | D:4      | Gained mutation: You are dopey. (Int -2) [mutagenic meat]
  2435 | D:4      | Gained mutation: You are weak. (Str -2) [mutagenic meat]
  2436 | D:4      | Gained mutation: Scrolls take you a little longer to read. [mutagenic meat]
  2437 | D:4      | Gained mutation: You are partially covered in iridescent scales (AC +4). [mutagenic meat]
  2438 | D:4      | Lost mutation: Your flesh is heat resistant. [mutagenic meat]
  2526 | D:4      | Noticed Crazy Yiuf
  2537 | D:4      | Killed Crazy Yiuf
  2659 | D:4      | Found a staircase to the Ecumenical Temple.
  2668 | D:4      | Found Diofet's Assorted Antiques.
  2677 | D:4      | Noticed Purgy
  2685 | D:4      | Killed Purgy
  2685 | D:4      | Reached XP level 7. HP: 66/66 MP: 6/6
  2769 | D:4      | Noticed Eustachio
  2783 | D:4      | Killed Eustachio
  2783 | D:4      | Reached skill level 9 in Unarmed Combat
  2981 | D:5      | Entered Level 5 of the Dungeon
  3079 | D:5      | Gained mutation: You have sharp toenails. [mutagenic meat]
  3080 | D:5      | Lost mutation: You have sharp toenails. [mutagenic meat]
  3082 | D:5      | Gained mutation: Your spells are a little harder to cast, but a little more powerful. [mutagenic meat]
  3083 | D:5      | Gained mutation: You are very dopey. (Int -4) [mutagenic meat]
  3156 | D:5      | Reached **** piety under Makhleb
  3219 | D:5      | Found a snail-covered altar of Cheibriados.
  3252 | D:5      | Found a basalt altar of Yredelemnul.
  3256 | D:5      | Found an ancient bone altar of Kikubaaqudgha.
  3394 | D:5      | Reached skill level 10 in Unarmed Combat
  3712 | D:6      | Reached XP level 8. HP: 74/74 MP: 7/7
  3923 | D:6      | Gained mutation: You occasionally shout uncontrollably at your foes. [mutagenic meat]
  3924 | D:6      | Gained mutation: You are frail (-10% HP). [mutagenic meat]
  4654 | D:7      | Reached skill level 11 in Unarmed Combat
  4891 | D:7      | Reached XP level 9. HP: 32/75 MP: 8/8
  4972 | D:7      | Identified a +1 rod of clouds (13/13) (You found it on level 7 of the Dungeon)
  5157 | D:7      | Reached ***** piety under Makhleb
  5302 | D:7      | Found a bloodstained altar of Trog.
  5605 | D:8      | Lost mutation: You are very dopey. (Int -4) [potion of mutation]
  5605 | D:8      | Gained mutation: You evolve. [potion of mutation]
  6077 | D:8      | Reached skill level 5 in Fighting
  6099 | D:8      | Reached skill level 5 in Dodging
  6441 | D:9      | Found a shadowy altar of Dithmenos.
  6541 | D:9      | Noticed Renzlar's ghost (novice GrFi)
  6552 | D:9      | Killed Renzlar's ghost
  6552 | D:9      | Reached skill level 1 in Armour
  6552 | D:9      | Reached XP level 10. HP: 88/88 MP: 9/9
  6644 | D:9      | Gained mutation: You have large cloven feet. [evolution]
  6671 | D:9      | Reached skill level 12 in Unarmed Combat
  6899 | D:9      | Found an opulent altar of Gozag.
  7087 | D:10     | Entered Level 10 of the Dungeon
  7091 | D:10     | Noticed a death yak
  7105 | D:10     | Killed a death yak
  7122 | D:10     | Reached ****** piety under Makhleb
  7135 | D:10     | Found a staircase to the Lair.
  7199 | D:10     | Found Uxziff's Magic Scroll Shop.
  7203 | D:10     | Bought a scroll of blinking for 105 gold pieces
  7203 | D:10     | Bought a scroll of blinking for 105 gold pieces
  7203 | D:10     | Bought 2 scrolls of identify for 56 gold pieces
  7389 | D:10     | Reached XP level 11. HP: 96/96 MP: 10/10
  7807 | D:11     | Noticed a hill giant
  7813 | D:11     | Killed a hill giant
  7813 | D:11     | Reached skill level 5 in Armour
  7878 | D:11     | Noticed a hill giant
  7883 | D:11     | Killed a hill giant
  8151 | D:11     | Gained mutation: Your body sometimes deteriorates upon taking damage. [evolution]
  8273 | D:11     | Noticed a hill giant
  8285 | D:11     | Killed a hill giant
  8694 | Lair:1   | Entered Level 1 of the Lair of Beasts
  8739 | Lair:1   | Found a labyrinth entrance.
  8750 | Lab      | Entered a labyrinth
  8882 | Lab      | Noticed a minotaur
  8887 | Lab      | HP: 2/98 [minotaur/rod of clouds (19)]
  8887 | Lab      | Identified a +5 rod of clouds (3/9)
  8887 | Lab      | Slain by a minotaur

Skill      XL: |  1  2  3  4  5  6  7  8  9 10 11 |
---------------+----------------------------------+-----
Unarmed Combat | 5 6 7 8 10 11 12 | 12.9
Dodging        | 4 5 6 7 |  7.2
Fighting       | 4 5 6 7 |  7.3
Armour         | 1 4 6 |  6.5
Stealth        | |  1.1

Action                   |  1- 3 |  4- 6 |  7- 9 | 10-12 || total
-------------------------+-------+-------+-------+-------++-------
Melee: Unarmed           |    63 |   151 |   282 |   328 ||   824
       Punch             |     3 |     3 |    11 |    23 ||    40
       Kick              |       |       |       |   106 ||   106
Invok: Lesser Servant of |       |     1 |       |       ||     1
  Use: Scroll            |     7 |     7 |     3 |     4 ||    21
       Potion            |     1 |     2 |     5 |     2 ||    10
 Stab: Sleeping          |       |       |     5 |       ||     5
       Distracted        |       |       |       |     1 ||     1
  Eat: Chunk             |    13 |    23 |    43 |    20 ||    99
Armor: Robe              |    15 |    73 |    98 |    14 ||   200
       Troll leather arm |       |       |       |    74 ||    74
Dodge: Dodged            |    31 |    91 |   132 |   139 ||   393
